 Dungeon Crawl Stone Soup version 0.25.1-2-g60ff931df9 (webtiles) character file.

Game seed: 2398429684085966978

2376 Morbidden the Slasher (level 9, -6/68 HPs)
             Began as a Demonspawn Gladiator on July 30, 2020.
             Was a Believer of Cheibriados.
             Mangled by a two-headed ogre
             ... wielding a +0 giant club
              (14 damage)
             ... on level 8 of the Dungeon.
             The game lasted 00:17:01 (7860 turns).

Morbidden the Slasher (Demonspawn Gladiator)        Turns: 7860, Time: 00:17:02

Health: -6/68      AC: 18    Str: 21    XL:     9   Next: 21%
Magic:  0/14       EV:  9    Int: 14    God:    Cheibriados [**....]
Gold:   473        SH:  0    Dex: 19    Spells: 14/14 levels left

rFire    + . .     SeeInvis +   a - +1 long sword
rCold    . . .     Gourm    .   (no shield)
rNeg     . . .     Faith    .   i - +0 plate armour
rPois    .         Spirit   +   c - +1 helmet
rElec    .         Reflect  .   (no cloak)
rCorr    .         Harm     .   k - +0 pair of gloves
MR       +....                  (no boots)
Stlth    ..........             (no amulet)
HPRegen  0.21/turn              B - ring of protection from magic
MPRegen  0.28/turn              n - ring of see invisible

@: very slow
A: yellow scales 2, fire resistance 1, magic shield, magic regeneration
a: Bend Time, Renounce Religion


You were on level 8 of the Dungeon.
You worshipped Cheibriados.
Cheibriados was pleased with you.
You were not hungry.

You visited 2 branches of the dungeon, and saw 9 of its levels.
You also visited: Sewer.

You collected 473 gold pieces.

Inventory:

Hand Weapons
 a - a +1 long sword (weapon)
Missiles
 t - 3 javelins (quivered)
 v - 15 poisoned darts
Armour
 c - a +1 helmet (worn)
 i - a +0 plate armour (worn)
 k - a +0 pair of gloves (worn)
 z - the +1 robe of Creativity {Regen+ rCorr SInv}
   (You found it on level 6 of the Dungeon)

   It lets you see invisible.
   It increases your rate of regeneration.
   It provides partial protection from all sources of acid and corrosion.
Jewellery
 h - an uncursed ring of fire
 m - an uncursed ring of wizardry
 n - a ring of see invisible (right hand)
 B - a ring of protection from magic (left hand)
 C - the ring "Cieschim" {rC- rCorr Int+6 Slay+3, unknown}
   (You found it on level 7 of the Dungeon)

   [ring of resist corrosion]

   It affects your intelligence (+6).
   It affects your accuracy and damage with ranged weapons and melee attacks
   (+3).
   It makes you vulnerable to cold.
   It provides partial protection from all sources of acid and corrosion.
 E - an uncursed amulet of magic regeneration {unknown}
Wands
 u - a wand of polymorph (6)
Scrolls
 b - 4 scrolls of blinking
 j - 6 scrolls of identify
 o - a scroll of fog
 q - a scroll of enchant armour
 r - 3 scrolls of remove curse
 s - a scroll of teleportation {unknown}
 w - 2 scrolls of magic mapping {unknown}
 x - a scroll of amnesia {unknown}
 y - a scroll of enchant weapon
Potions
 e - 3 potions of mutation
 g - 5 potions of curing
 l - a potion of degeneration {unknown}
 p - a potion of might
 A - 2 potions of magic {unknown}
 F - a potion of resistance
Comestibles
 f - 11 rations
 D - 8 chunks of flesh


   Skills:
 * Level 5.3 Fighting
 + Level 6.4 Long Blades
 + Level 2.5 Throwing
 + Level 3.9 Armour
 * Level 5.2 Dodging
 + Level 0.7 Stealth
 * Level 3.4 Spellcasting
 * Level 5.1 Invocations
 + Level 1.0 Evocations


You had 14 spell levels left.
You didn't know any spells.
Your spell library was empty.

Dungeon Overview and Level Annotations

Branches:
Dungeon (8/15)             Temple (1/1) D:4           Sewer (visited)
   Lair: D:8-11

Altars:
Ashenzari
Cheibriados
Dithmenos
Elyvilon
Fedhas
Gozag
Hepliaklqana
Kikubaaqudgha
Makhleb
Nemelex Xobeh
Okawaru
Qazlal
Ru
Sif Muna
Trog
Uskayaw
Vehumet
Wu Jian
Xom
Yredelemnul
Zin
The Shining One

Annotations:
D:6 1 runed translucent door, Crazy Yiuf
D:7 3 runed translucent doors, Teivard's ghost, amateur HuSk


Innate Abilities, Weirdness & Mutations

You are mostly covered in yellow scales. (AC +3)
Your flesh is heat resistant. (rF+)
When hurt, damage is shared between your health and your magic reserves.
You regenerate magic rapidly.


Message History

* * * LOW HITPOINT WARNING * * *
Unknown command.
You hit the two-headed ogre but do no damage.
The two-headed ogre is heavily wounded.
Unknown command.
You hit the two-headed ogre but do no damage.
The two-headed ogre is heavily wounded.
The two-headed ogre hits you but does no damage.
The two-headed ogre closely misses you.
Unknown command.
You slash the two-headed ogre!
The two-headed ogre is severely wounded.
The two-headed ogre hits you with a +0 giant club!
* * * LOW HITPOINT WARNING * * *
The two-headed ogre barely misses you.
Unknown command.
You hit the two-headed ogre.
The two-headed ogre is severely wounded.
The two-headed ogre hits you with a +0 giant club!
You die...

##
#################.
#.................
#@###########.#.#.
#O#####.......#.#[
#(#<....####......
#.##########.#####
#.. .............
... #######.#####
... #.##### .(..
######......
#...........


You could see a two-headed ogre.

Vanquished Creatures
  Grinder (D:5)
  Prince Ribbit (D:6)
  A hungry ghost (D:7)
  A steam dragon (D:6)
  Menkaure (D:6)
  Duvessa (D:5)
  A hornet zombie (D:7)
  A phantom (D:4)
  2 ogres
  2 centaurs
  Dowan (D:5)
  2 bullfrogs
  4 howler monkeys
  A crimson imp (D:5)
  A bullfrog zombie (D:6)
  2 hounds
  An iguana (D:7)
  5 worker ants
  A hound zombie (D:6)
  2 hound skeletons
  A howler monkey skeleton (D:7)
  16 adders
  A shadow imp (D:5)
  11 oozes
  2 worms (D:4)
  7 leopard geckos
  7 orcs
  19 giant cockroaches
  8 goblins
  8 hobgoblins
  3 jackals
  2 quokkas (D:3)
  14 ball pythons
  9 bats
  21 frilled lizards
  8 kobolds
  A quokka skeleton (D:5)
  12 rats
182 creatures vanquished.

Notes
Turn   | Place    | Note
-------+----------+-------------------------------------------
     0 | D:1      | Morbidden the Demonspawn Gladiator began the quest for the
                  | Orb.
     0 | D:1      | Reached XP level 1. HP: 16/16 MP: 1/1
   197 | D:1      | Gained mutation: You are partially covered in yellow
                  | scales. (AC +2) [demonic ancestry]
   197 | D:1      | Reached XP level 2. HP: 22/22 MP: 2/2
   269 | D:1      | Reached skill level 3 in Long Blades
   715 | D:2      | Reached XP level 3. HP: 23/28 MP: 3/3
   994 | D:2      | Gained mutation: When hurt, damage is shared between your
                  | health and your magic reserves. [demonic ancestry]
   994 | D:2      | Reached XP level 4. HP: 32/35 MP: 4/4
  1346 | D:3      | Reached skill level 4 in Long Blades
  1366 | D:3      | Found a glowing drain.
  1370 | Sewer    | Entered a sewer
  1546 | Sewer    | Reached XP level 5. HP: 33/41 MP: 5/5
  2042 | Sewer    | Reached skill level 1 in Spellcasting
  2206 | Sewer    | Reached skill level 1 in Armour
  2241 | Sewer    | Gained mutation: You are mostly covered in yellow scales.
                  | (AC +3) [demonic ancestry]
  2241 | Sewer    | Reached XP level 6. HP: 41/47 MP: 7/7
  3271 | D:4      | Found a staircase to the Ecumenical Temple.
  3343 | Temple   | Entered the Ecumenical Temple
  3528 | Temple   | Became a worshipper of Cheibriados the Contemplative
  3712 | D:4      | Reached skill level 1 in Invocations
  4594 | D:5      | Entered Level 5 of the Dungeon
  4686 | D:5      | Noticed Duvessa
  4698 | D:5      | Reached XP level 7. HP: 30/53 MP: 4/9
  4703 | D:5      | Noticed Dowan
  4706 | D:5      | Killed Duvessa
  4706 | D:5      | Reached skill level 5 in Long Blades
  4709 | D:5      | Killed Dowan
  4897 | D:5      | Noticed Grinder
  4932 | D:5      | Killed Grinder
  5094 | D:5      | Gained mutation: Your flesh is heat resistant. (rF+)
                  | [demonic ancestry]
  5094 | D:5      | Reached XP level 8. HP: 51/60 MP: 9/11
  5463 | D:5      | Reached * piety under Cheibriados
  5930 | D:6      | Got a fine robe
  5931 | D:6      | Identified the +1 robe of Creativity {Regen+ rCorr SInv}
                  | (You found it on level 6 of the Dungeon)
  6019 | D:6      | Found a runed translucent door.
  6020 | D:6      | Noticed Crazy Yiuf
  6041 | D:6      | Noticed Prince Ribbit
  6056 | D:6      | Killed Prince Ribbit
  6131 | D:6      | Noticed Menkaure
  6140 | D:6      | Killed Menkaure
  6140 | D:6      | Reached skill level 6 in Long Blades
  6337 | D:6      | Reached skill level 5 in Fighting
  6337 | D:6      | Reached skill level 1 in Evocations
  7063 | D:7      | Reached skill level 5 in Dodging
  7148 | D:7      | Noticed Teivard's ghost (amateur HuSk)
  7155 | D:7      | Noticed a brown ugly thing
  7156 | D:7      | Found a runed translucent gate.
  7156 | D:7      | Found a runed translucent gate.
  7211 | D:7      | Gained mutation: You regenerate magic rapidly. [demonic
                  | ancestry]
  7211 | D:7      | Reached XP level 9. HP: 63/68 MP: 13/13
  7252 | D:7      | Got a shimmering golden ring
  7396 | D:7      | Reached ** piety under Cheibriados
  7407 | D:7      | Reached skill level 5 in Invocations
  7425 | D:7      | Found a runed translucent gate.
  7426 | D:7      | Found an iron altar of Okawaru.
  7521 | D:7      | Found an opulent altar of Gozag.
  7779 | D:8      | Found a blossoming altar of Fedhas.
  7840 | D:8      | Noticed a two-headed ogre
  7860 | D:8      | Mangled by a two-headed ogre

Illustrated notes

Levels and vault maps discovered:
D:1:      dpeg_arrival_rooms_c, layout_loops_ring
D:2:      layout_basic
D:3:      minmay_chambers_of_threes, layout_loops_ring, gup_sewer_entry_bowl
D:4:      layout_basic, temple_hall
D:5:      layout_loops_ring, first_ration, uniq_duvessa, uniq_grinder
D:6:      layout_basic, kennysheep_generic_room_7, uniq_crazy_yiuf_cottage,
          uniq_prince_ribbit1, uniq_menkaure
D:7:      layout_cave_pools, okawaru_ov_weapons_minmay, gammafunk_ghost_split,
          grunt_gozag_statues
D:8:      minmay_bloctagon, layout_basic, grunt_lair_entry_orc_guard_hut,
          serial_corexii_hall, corexii_hall_statues_i,
          chequers_hall_statues_wall_a, basic_altar
Temple:   kilobyte_greek_temple

Skill      XL: |  1  2  3  4  5  6  7  8  9 |
---------------+----------------------------+-----
Dodging        | 3 4 5 |  5.2
Long Blades    | 3 4 5 6 |  6.4
Fighting       | 3 4 5 |  5.3
Spellcasting   | 1 2 3 |  3.4
Armour         | 1 2 3 |  3.9
Invocations    | 1 2 4 5 |  5.1
Throwing       | 2 |  2.5
Evocations     | 1 |  1.0
Stealth        | |  0.7

Action                   |  1- 3 |  4- 6 |  7- 9 || total
-------------------------+-------+-------+-------++-------
Melee: Long sword        |    82 |   412 |   260 ||   754
Throw: Throwing net      |       |     4 |     2 ||     6
       Javelin           |       |     7 |    14 ||    21
       Dart              |       |       |    13 ||    13
Evoke: Wand              |       |       |    13 ||    13
  Use: Scroll            |       |     8 |     3 ||    11
       Potion            |       |     2 |     1 ||     3
 Stab: Sleeping          |     1 |     1 |       ||     2
  Eat: Chunk             |       |    11 |     6 ||    17
       Ration            |       |     1 |     5 ||     6
Armor: Leather armour    |    35 |   130 |       ||   165
       Scale mail        |       |    62 |       ||    62
       Plate armour      |       |    22 |   205 ||   227
Dodge: Dodged            |    85 |   350 |   113 ||   548
       Rpst.: Long sword |    30 |   104 |    40 ||   174
